 Dungeon Crawl Stone Soup version 0.28.0-53-g5a82cb258f (webtiles) character file.

Game seed: 781899064921548630

83685 PentaManta the Bludgeoner (level 15, -2/154 HPs)
             Began as a Gargoyle Berserker on June 18, 2022.
             Was the Champion of Trog.
             Killed from afar by a wretched star (33 damage)
             ... with a lance of force
             ... on level 4 of the Abyss.
             The game lasted 00:51:41 (26330 turns).

PentaManta the Bludgeoner (Gargoyle Berserker)     Turns: 26330, Time: 00:51:41

Health: -2/154     AC: 34    Str: 36    XL:     15   Next: 77%
Magic:  24/24      EV:  5    Int:  5    God:    Trog [******]
Gold:   329        SH: 13    Dex:  9    Spells: 14/14 levels left

rFire   + . .      SeeInvis +   r - +4 morningstar
rCold   + . .      Faith    .   Q - +2 kite shield {AC+3}
rNeg    + . .      Spirit   .   C - +3 plate armour {rC+}
rPois   ∞          Reflect  .   E - +0 helmet
rElec   +          Harm     .   e - scarf {repulsion}
rCorr   +          Rampage  .   N - +0 pair of gloves
Will    ++...                   y - +0 pair of boots
Stlth   ..........              F - amulet of regeneration
HPRegen 1.15/turn               S - ring of Luorphut {rCorr MP+9 Str+8 Int-3 SInv}
MPRegen 0.19/turn               k - ring "Obboadacu" {rF+ Will+ Stlth+}

@: berserking (expiring), flying, constricted, studying Maces & Flails, repel
missiles, very quick
A: sickness immunity, AC +11, big wings, negative energy resistance 1,
electricity resistance, torment resistance 1, petrification resistance,
[deformed body]
a: Renounce Religion, Berserk, Trog's Hand, Brothers in Arms


You were on level 4 of the Abyss.
You worshipped Trog.
Trog was exalted by your worship.
You visited 4 branches of the dungeon, and saw 22 of its levels.
You visited the Abyss 1 time.
You also visited: Gauntlet and Volcano.

You collected 2263 gold pieces.
You spent 1934 gold pieces at shops.

Inventory:

Hand Weapons
 j - the +6 dire flail of the Hidden Vale {vorpal, Dex+3}
   (You found it in a Gauntlet)

   It inflicts extra damage upon your enemies.
   Dex:       It affects your dexterity (+3).
 q - a +2 war axe of electrocution
 r - a +4 morningstar (weapon)
 I - the +5 falchion of Iconoclasm {antimagic, *Noise *Corrode Will+++ Stlth+}
   (Trog gifted it to you on level 6 of the Lair of Beasts)

   It reduces the magical energy of the wielder, and disrupts the spells and
   magical abilities of those it strikes.
   Natural abilities and divine invocations are not affected.
   *Noise:    It may make noises in combat.
   *Corrode:  It may corrode you when you take damage.
   Will:      It greatly increases your willpower.
   Stlth:     It makes you more stealthy.
Missiles
 f - 2 boomerangs of dispersal
 n - 10 silver javelins
 o - 5 curare-tipped darts
 s - 19 boomerangs (quivered)
 D - 5 javelins
 M - 3 throwing nets
Armour
 e - a scarf of repulsion (worn)
 y - a +0 pair of boots (worn)
 B - a +2 cloak of fire resistance
 C - a +3 plate armour of cold resistance (worn)
 E - a +0 helmet (worn)
 N - a +0 pair of gloves (worn)
 Q - a +2 kite shield of protection (worn)
 R - an orb of light
Jewellery
 k - the ring "Obboadacu" (right hand) {rF+ Will+ Stlth+}
   (You found it in a Gauntlet)

   [ring of protection from fire]

   rF:        It protects you from fire.
   Will:      It increases your willpower.
   Stlth:     It makes you more stealthy.
 F - an amulet of regeneration (around neck)
 S - the ring of Luorphut (left hand) {rCorr MP+9 Str+8 Int-3 SInv}
   (You found it on level 6 of the Lair of Beasts)

   [ring of magical power]

   Str:       It affects your strength (+8).
   Int:       It affects your intelligence (-3).
   MP:        It affects your magic capacity (+9).
   SInv:      It lets you see invisible.
   rCorr:     It protects you from acid and corrosion.
 Z - a ring of willpower
Wands
 b - a wand of flame (56)
 d - a wand of paralysis (4)
 u - a wand of polymorph (22)
 w - a wand of mindburst (14)
 J - a wand of charming (18)
 V - a wand of iceblast (15)
Scrolls
 a - a scroll of silence
 l - 4 scrolls of enchant armour
 m - 7 scrolls of enchant weapon
 t - a scroll of summoning
 x - 2 scrolls of teleportation
 z - 3 scrolls of fog
 G - 3 scrolls of fear
 L - 3 scrolls of blinking
 O - 2 scrolls of identify
 T - 2 scrolls of magic mapping
 W - a scroll of brand weapon
Potions
 c - 6 potions of curing
 g - 2 potions of invisibility
 h - 7 potions of mutation
 p - a potion of resistance
 v - 2 potions of cancellation
 A - 6 potions of haste
 H - 3 potions of might
 K - 5 potions of ambrosia
 P - 6 potions of attraction
 U - 6 potions of heal wounds
 X - a potion of lignification


   Skills:
 - Level 15.2 Fighting
 - Level 16.0 Maces & Flails
 - Level 15.3 Armour
 - Level 1.5 Dodging
 + Level 13.5 Shields


You had 14 spell levels left.
You didn't know any spells.
Your spell library contained the following spells:

 Spells                   Type           Power      Damage    Failure   Level
 Apportation              Tloc           0%         N/A       99%         1
 Animate Dead             Necr           0%         N/A       100%        4
 Alistair's Intoxication  Tmut/Pois      0%         N/A       100%        5
 Borgnjor's Vile Clutch   Necr/Erth      0%         N/A       100%        5
 Death Channel            Necr           0%         N/A       100%        6
 Borgnjor's Revivificati  Necr           0%         N/A       100%        8
 Necromutation            Tmut/Necr      0%         N/A       100%        8
 Death's Door             Necr           0%         N/A       100%        9


Dungeon Overview and Level Annotations

Branches:
Dungeon (13/15) Temple (1/1) D:7 Lair (6/6) D:11 Swamp (0/4) Lair:2 Spider (0/4) Lair:2 Slime (0/5) Lair:6 Orc (2/2) D:9 Elf (0/3) Orc:2 Vaults (0/5) D:12 D:13 Volcano (visited) Gauntlet (visited)

Altars:
Ashenzari
Cheibriados
Dithmenos
Elyvilon
Fedhas
Gozag
Hepliaklqana
Kikubaaqudgha
Makhleb
Nemelex Xobeh
Okawaru
Qazlal
Ru
Sif Muna
Trog
Uskayaw
Vehumet
Wu Jian
Xom
Yredelemnul
Zin
The Shining One
Beogh
Jiyva

Shops:
D:2 [   D:5 *   D:8 *??!   Orc:1 (   Orc:2 ?**[:

Portals:
Pandemonium: Orc:2

Annotations:
D:13 Nessos, Rupert, Urug


Innate Abilities, Weirdness & Mutations

You are immune to sickness and miasma.
Your stone body is resilient. (AC +11)
You are immune to poison.
Your large and strong wings let you fly.
You resist negative energy. (rN+)
You are resistant to electric shocks. (rElec)
You are resistant to unholy torment.
You are immune to petrification.
[Armour fits poorly on your strangely shaped body.]


Message History

The tentacled monstrosity tentacle-slaps you but does no damage.
You block the tentacled monstrosity's attack.
The tentacled monstrosity grabs you.
The tentacled monstrosity constricts you.
You hit the tentacled monstrosity.
The tentacled monstrosity is heavily wounded.
The large abomination hits you but does no damage.
The wretched star glows turbulently.
You block the lance of force.
You block the spatial maelstrom's attack.
The spatial maelstrom hits you but does no damage.
You bludgeon the tentacled monstrosity!!
The tentacled monstrosity is severely wounded.
You block the tentacled monstrosity's attack.
The tentacled monstrosity tentacle-slaps you.
* * * LOW HITPOINT WARNING * * *
You block the tentacled monstrosity's attack.
The tentacled monstrosity constricts you.
The spatial maelstrom hits you but does no damage.
You block the spatial maelstrom's attack.
The large abomination hits you but does no damage.
Unknown command.
You are too berserk!
Unknown command.
You are too berserk!
You barely miss the tentacled monstrosity.
The tentacled monstrosity is severely wounded.
You block the spatial maelstrom's attack.
The spatial maelstrom barely misses you.
You hit the tentacled monstrosity.
The tentacled monstrosity is severely wounded.
You block the large abomination's attack.
The tentacled monstrosity tentacle-slaps you but does no damage.
You block the tentacled monstrosity's attack.
The tentacled monstrosity tentacle-slaps you but does no damage.
The tentacled monstrosity constricts you.
A large abomination comes into view.
The wretched star glows turbulently.
The lance of force hits you!!
You die...

. .... #
...#.## . ...
.#..... # #
... #
.#X##.#.. #
.##
##...##.##...
≈.. ..
.#.....# #. ##
.. ... ##...#
. .# # #X #
.≈≈.#≈ .# # ##
#*###≈..≈. # .
#..##@X.......
. #.
.#vX..####
#.2.[?)?(:§
##.vv#####§
#........
..##..#####
... #......
..# ###.###≈ .
. ## ≈


You could see a tentacled monstrosity, a tentacled starspawn, a balrug, a
spatial maelstrom, a wretched star, 2 spatial vortices and 2 large abominations.

Vanquished Creatures
  Saint Roka (Orc:2)
  A tentacled starspawn (Abyss:4)
  A minotaur (Gauntlet)
  Snorg (Lair:5)
  Josephine (Orc:2)
  6 hydras
  Erolcha (Orc:1)
  2 demonspawn (Orc:2)
  A boulder beetle (D:12)
  A death knight (D:12)
  5 two-headed ogres
  The ghost of Infinimo the Basher, a journeyman GrBe of Trog (Lair:1)
  Erica (Orc:1)
  A dancing weapon (Lair:1)
  2 death yaks (Lair:5)
  6 orc high priests (Orc:2)
  2 skeletal warriors (Volcano)
  2 anaconda skeletons (Volcano)
  3 bog bodies (Lair:2)
  A lindwurm (Lair:5)
  A deep elf pyromancer (D:12)
  7 orc sorcerers
  5 orc knights (Orc:2)
  An ugly thing (D:8)
  6 cyclopes
  7 elephants
  A rust devil (Orc:2)
  4 black mambas
  Joseph (Lair:1)
  10 cane toads
  A smoke demon (Orc:2)
  5 gargoyles (Volcano)
  A cane toad (shapeshifter) (D:11)
  10 komodo dragons
  A kobold demonologist (D:12)
  2 rime drakes
  9 trolls
  2 red devils (Orc:2)
  2 queen bees
  4 polar bears (Lair:6)
  7 hornets
  2 harpy skeletons (Volcano)
  5 slime creatures (D:12)
  A raiju (Gauntlet)
  12 dream sheep
  12 blink frogs
  3 flying skulls (Volcano)
  A wyvern (Lair:4)
  13 spriggans (Lair:6)
  2 alligator skeletons (Volcano)
  5 shadows
  36 yaks
  9 humans (D:12)
  7 wraiths
  2 basilisks (Lair:1)
  Grum (Lair:1)
  3 steam dragons
  2 acid dragons
  3 swamp worms (Lair:2)
  A warg (Orc:2)
  21 water moccasins
  31 orc warriors
  4 black bears
  10 ogres
  4 boggarts (Lair:6)
  4 centaurs
  30 wolves
  4 small abominations (Abyss:4)
  2 phantoms (D:5)
  6 kobold brigands
  14 bullfrogs
  A gnoll sergeant (Orc:2)
  2 scorpions
  2 jellies
  29 killer bees
  4 wights
  7 electric eels
  2 spriggan skeletons (Volcano)
  2 troll skeletons (Volcano)
  A bullfrog zombie (D:6)
  2 lava snakes (Lair:4)
  5 centaur zombies
  9 hounds
  A gnoll shaman (D:7)
  18 orc priests
  A centaur skeleton (D:6)
  5 iguanas
  11 orc wizards
  9 hell rats
  A naga skeleton (Volcano)
  2 hound skeletons
  9 adders
  16 gnolls
  A white imp (D:8)
  An adder skeleton (D:4)
  4 worms
  3 dart slugs
  49 orcs
  5 bats
  5 endoplasms
  2 giant cockroaches (D:2)
  12 goblins
  5 hobgoblins
  4 jackals
  26 kobolds
  5 quokkas
  9 ball pythons
  3 frilled lizards
  2 quokka skeletons (D:4)
  7 rats
  2 starspawn tentacles (Abyss:4)
661 creatures vanquished.

Vanquished Creatures (others)
  2 humans (D:13)
  30 fungi
  19 plants
  5 starspawn tentacles (Abyss:4)
56 creatures vanquished.

Grand Total: 717 creatures vanquished

Notes
Turn   | Place    | Note
-------+----------+-------------------------------------------
     0 | D:1      | PentaManta the Gargoyle Berserker began the quest for the
                  | Orb.
     0 | D:1      | Reached XP level 1. HP: 14/14 MP: 1/1
   607 | D:1      | Reached XP level 2. HP: 16/19 MP: 2/2
  1006 | D:1      | Reached skill level 4 in Maces & Flails
  1083 | D:1      | Reached XP level 3. HP: 19/23 MP: 3/3
  1489 | D:1      | Found a faded altar of an unknown god.
  1854 | D:2      | Reached XP level 4. HP: 28/28 MP: 4/4
  1875 | D:2      | Reached ** piety under Trog
  2076 | D:2      | Reached skill level 5 in Maces & Flails
  2399 | D:2      | Found Kudett's Antique Armour Boutique.
  2908 | D:3      | Reached XP level 5. HP: 30/32 MP: 5/5
  3427 | D:4      | Reached skill level 6 in Maces & Flails
  3755 | D:4      | Reached XP level 6. HP: 30/37 MP: 6/6
  4171 | D:4      | Reached skill level 7 in Maces & Flails
  4889 | D:5      | Entered Level 5 of the Dungeon
  4922 | D:5      | Reached XP level 7. HP: 41/41 MP: 7/7
  5105 | D:5      | Reached skill level 8 in Maces & Flails
  5281 | D:5      | Reached skill level 9 in Maces & Flails
  5523 | D:5      | Reached XP level 8. HP: 36/46 MP: 8/8
  5830 | D:2      | Bought a slimy chain mail for 209 gold pieces
  5830 | D:2      | Identified the +1 chain mail "Peesaimn" {SInv} (You bought
                  | it in a shop on level 2 of the Dungeon)
  6111 | D:5      | Found Kaoleann's Gadget Gallery.
  6309 | D:6      | Reached skill level 10 in Maces & Flails
  6800 | D:6      | Reached skill level 11 in Maces & Flails
  7401 | D:6      | Reached XP level 9. HP: 40/51 MP: 9/9
  7632 | D:6      | Reached skill level 12 in Maces & Flails
  7855 | D:7      | Found a staircase to the Ecumenical Temple.
  7874 | Temple   | Entered the Ecumenical Temple
  8867 | D:7      | Reached *** piety under Trog
  9065 | D:7      | Reached skill level 13 in Maces & Flails
  9770 | D:8      | Found a shimmering blue altar of Sif Muna.
  9881 | D:8      | Reached skill level 14 in Maces & Flails
  9881 | D:8      | Reached XP level 10. HP: 43/56 MP: 10/10
 10174 | D:8      | Noticed a brown ugly thing
 10185 | D:8      | Killed a brown ugly thing
 10217 | D:8      | Found Niofukk's Magic Scroll Boutique.
 10231 | D:8      | Bought a scroll of enchant armour for 112 gold pieces
 10231 | D:8      | Bought a scroll of identify for 30 gold pieces
 10231 | D:8      | Bought a scroll of identify for 30 gold pieces
 10247 | D:8      | Found Bujeneus's Distillery.
 10397 | D:8      | Noticed a cyclops
 10406 | D:8      | Killed a cyclops
 10652 | D:8      | Found Damnu Haj's Magic Scroll Boutique.
 10657 | D:8      | Found Eluischibb's Assorted Antiques.
 10856 | D:9      | Reached skill level 15 in Maces & Flails
 10858 | D:9      | Reached **** piety under Trog
 11408 | D:9      | You fall into a shaft and drop 3 floors!
 11408 | D:12     | Noticed a cyclops
 11415 | D:12     | Noticed a death knight
 11430 | D:12     | HP: 2/84 [mirror damage (12)]
 11438 | D:12     | Killed a death knight
 11551 | D:11     | Found a gate leading to a gauntlet.
 11554 | D:11     | Noticed a cane toad
 11554 | D:11     | Noticed a two-headed ogre
 11563 | Gauntlet | Entered a Gauntlet
 11563 | Gauntlet | Found a transporter.
 11731 | Gauntlet | Noticed a death scarab
 11743 | Gauntlet | Found a transporter.
 11754 | Gauntlet | Found a transporter.
 11759 | Gauntlet | Found a transporter.
 11766 | Gauntlet | Noticed a hell beast
 11780 | Gauntlet | Found a transporter.
 11793 | Gauntlet | Found a transporter.
 11805 | Gauntlet | Found a transporter.
 11811 | Gauntlet | Found a transporter.
 11834 | Gauntlet | Found a transporter.
 11842 | Gauntlet | Found a transporter.
 11851 | Gauntlet | Found a transporter.
 11854 | Gauntlet | Noticed a cacodemon
 11863 | Gauntlet | Found a transporter.
 11880 | Gauntlet | Found a transporter.
 11902 | Gauntlet | Found a transporter.
 11902 | Gauntlet | Found a transporter.
 11955 | Gauntlet | Found a transporter.
 12000 | Gauntlet | Found a transporter.
 12000 | Gauntlet | Found a transporter.
 12067 | Gauntlet | Reached skill level 5 in Armour
 12088 | Gauntlet | Identified the +6 dire flail of the Hidden Vale {vorpal,
                  | Dex+3}
 12144 | Gauntlet | Reached XP level 11. HP: 60/60 MP: 11/11
 12173 | Gauntlet | Identified the ring "Obboadacu" {rF+ Will+ Stlth+}
 12186 | Gauntlet | Noticed a minotaur
 12222 | Gauntlet | Killed a minotaur
 12392 | Gauntlet | Identified the +7 dagger "Axeber" {vorpal, rN+ rCorr Dex-3}
 12455 | D:11     | Killed a two-headed ogre
 12655 | D:10     | Entered Level 10 of the Dungeon
 12670 | D:10     | Noticed a two-headed ogre
 12680 | D:10     | Killed a two-headed ogre
 12964 | D:10     | Noticed a two-headed ogre
 12968 | D:10     | Killed a two-headed ogre
 12969 | D:10     | Reached skill level 16 in Maces & Flails
 13047 | D:9      | Noticed a two-headed ogre
 13065 | D:9      | Killed a two-headed ogre
 13098 | D:9      | Found a staircase to the Orcish Mines.
 13695 | D:10     | Reached skill level 10 in Armour
 14059 | D:11     | Found a staircase to the Lair.
 14065 | D:11     | Reached skill level 5 in Fighting
 14089 | D:11     | Reached XP level 12. HP: 44/69 MP: 12/12
 14153 | D:11     | Identified the +4 long sword "Axaadoxt" {freeze, rF+ MP+9}
 15221 | Lair:1   | Entered Level 1 of the Lair of Beasts
 15246 | Lair:1   | Reached ***** piety under Trog
 15446 | Lair:1   | Found a runed translucent door.
 15446 | Lair:1   | Found a shimmering altar of Xom.
 15446 | Lair:1   | Noticed Infinimo's ghost (journeyman GrBe)
 15737 | Lair:1   | Noticed Grum
 15753 | Lair:1   | Killed Grum
 15876 | Lair:1   | Noticed Joseph
 15888 | Lair:1   | Killed Joseph
 16288 | Lair:1   | Killed Infinimo's ghost
 16397 | Lair:2   | Found a hole to the Spider Nest.
 16863 | Lair:2   | Noticed an eight-headed hydra
 16870 | Lair:2   | Killed an eight-headed hydra
 16871 | Lair:2   | Reached skill level 10 in Fighting
 17400 | Lair:2   | Found a staircase to the Swamp.
 17593 | Lair:3   | Noticed Sonja
 17601 | Lair:3   | Noticed Sonja
 17601 | Lair:3   | Sonja changed into Sonja the hornet
 17613 | Lair:3   | Killed Sonja the hornet
 17762 | Lair:3   | Reached XP level 13. HP: 84/84 MP: 13/13
 20259 | Lair:4   | Reached skill level 1 in Shields
 20460 | Lair:5   | You fall into a shaft and drop 1 floor!
 20460 | Lair:6   | Entered Level 6 of the Lair of Beasts
 20647 | Lair:5   | Found a dark tunnel.
 20680 | Volcano  | Entered a volcano
 20699 | Volcano  | Reached skill level 5 in Shields
 21016 | Volcano  | Received a gift from Trog
 21022 | Volcano  | Gained mutation: Your large and strong wings let you fly.
                  | [Gargoyle growth]
 21022 | Volcano  | Reached XP level 14. HP: 82/94 MP: 14/14
 21599 | Lair:5   | Noticed Snorg
 21609 | Lair:5   | Killed Snorg
 22187 | Lair:6   | Found a staircase to the Slime Pits.
 22187 | Lair:6   | Found a viscous altar of Jiyva.
 22460 | Lair:6   | Reached ****** piety under Trog
 22464 | Lair:6   | Identified the +5 falchion of Iconoclasm {antimagic, *Noise
                  | *Corrode Will+++ Stlth+} (Trog gifted it to you on level 6
                  | of the Lair of Beasts)
 22464 | Lair:6   | Received a gift from Trog
 22688 | Lair:6   | Identified the ring of Luorphut {rCorr MP+9 Str+8 Int-3
                  | SInv}
 22891 | Lair:6   | Reached skill level 15 in Armour
 23537 | Orc:1    | Entered Level 1 of the Orcish Mines
 23551 | Orc:1    | Reached skill level 15 in Fighting
 23584 | Orc:1    | Noticed Erolcha
 23590 | Orc:1    | Killed Erolcha
 23622 | Orc:1    | Found Lusiyhef's Weapon Emporium.
 23819 | Orc:2    | Entered Level 2 of the Orcish Mines
 23856 | Orc:2    | Reached XP level 15. HP: 82/103 MP: 15/15
 23937 | Orc:2    | Found Izar's Magic Scroll Shoppe.
 23940 | Orc:2    | Bought a scroll of fear for 52 gold pieces
 23940 | Orc:2    | Bought a scroll of teleportation for 45 gold pieces
 23940 | Orc:2    | Bought a scroll of magic mapping for 52 gold pieces
 23940 | Orc:2    | Bought a scroll of fog for 30 gold pieces
 23940 | Orc:2    | Bought a scroll of fear for 52 gold pieces
 23970 | Orc:2    | Noticed Josephine
 23983 | Orc:2    | Killed Josephine
 24068 | Orc:2    | Found a staircase to the Elven Halls.
 24593 | Orc:1    | Noticed Erica
 24602 | Orc:1    | Killed Erica
 24819 | Orc:2    | Found Hoheibinn's General Store.
 24854 | Orc:2    | Reached skill level 10 in Shields
 24854 | Orc:2    | Found Pelux's General Store.
 24956 | Orc:2    | Received a gift from Trog
 24961 | Orc:2    | Noticed Saint Roka
 25055 | Orc:2    | Killed Saint Roka
 25092 | Orc:2    | Bought a scroll of fear for 52 gold pieces
 25092 | Orc:2    | Bought a potion of curing for 45 gold pieces
 25094 | Orc:2    | Bought a potion of invisibility for 104 gold pieces
 25094 | Orc:2    | Bought a wand of flame (9) for 71 gold pieces
 25318 | Orc:2    | Found Nacacag's Antique Armour Shop.
 25318 | Orc:2    | Found Aqiocot's Book Boutique.
 25337 | Orc:2    | Found a one-way gate leading to the halls of Pandemonium.
 25465 | Orc:2    | Bought a manual of Maces & Flails for 960 gold pieces
 25494 | Orc:2    | Bought a wand of paralysis (4) for 90 gold pieces
 25918 | D:12     | Received a gift from Trog
 26159 | D:13     | Noticed Urug
 26159 | D:13     | Noticed Nessos
 26159 | D:13     | Noticed Rupert
 26159 | D:13     | Found a gate to the Vaults.
 26247 | D:13     | Cast into level 4 of the Abyss (Rupert)
 26272 | Abyss:4  | Noticed a tentacled starspawn
 26283 | Abyss:4  | Killed a tentacled starspawn
 26297 | Abyss:4  | Noticed a tentacled starspawn
 26308 | Abyss:4  | Noticed a balrug
 26309 | Abyss:4  | Noticed a tentacled monstrosity
 26330 | Abyss:4  | Killed from afar by a wretched star

Illustrated notes

Levels and vault maps discovered:
D:1:      dpeg_arrival_houses_and_road, layout_basic,
          dreamdust_ecumenical_altar_hidden_monk_grotto, minmay_hexomino_c4
D:2:      layout_rooms, serial_shops, nicolae_lakefront_shop, minivault_23
D:3:      layout_loops_ring
D:4:      layout_loops_corners
D:5:      layout_loops_ring, chequers_hall_statues_wall_a, glass_columns_b,
          nicolae_shop_gadgets
D:6:      layout_basic, corexii_corridor_pit, kennysheep_generic_room_7
D:7:      layout_basic, temple_green
D:8:      layout_basic, nicolae_sif_muna_condensation, serial_shops, shop,
          nicolae_shop_waterfront, shop, shop, st_stairs_9
D:9:      layout_roguey, david_orc_2
D:10:     layout_basic
D:11:     layout_long_grid, erik_lair_island, gauntlet_entry_generic,
          minivault_7
D:12:     layout_roguey
D:13:     layout_loops_corners, david_vaults_3
Temple:   compressed_dpeg_triangle_lava_temple
Lair:1:   layout_regular_city, ebering_ghost_xom, minivault_23,
          serial_bayou_shore_b, uniq_joseph, uniq_grum
Lair:2:   layout_loops_ring, nicolae_swamp_entry_splash_gauntlet,
          spider_nest_entry_web_field, lemuel_old_faithful
Lair:3:   layout_small_grid, st_stairs_3, cheibrodos_lair_reptile_den,
          infiniplex_staircase_pool, lemuel_fruit_tree, grunt_megastairs_5,
          uniq_sonja
Lair:4:   layout_cave_pods, nicolae_lair_liquid_snakes,
          infiniplex_staircase_pool_2
Lair:5:   layout_roguey, nicolae_volcano_entry_vermiform, st_stairs_4,
          beast_lair_carwin_6, uniq_snorg
Lair:6:   minmay_lair_end_enchanted_forest, layout_hall_layers, slime_altar_1,
          minivault_26, uniq_rupert
Orc:1:    layout_caves, serial_shops, nicolae_shop_bloodbath_and_beyond,
          uniq_erolcha, uniq_erica
Orc:2:    pf_orc_diabolical, layout_diamond_mine, serial_shops,
          nicolae_shop_behind_doors, basic_altar, uniq_josephine, uniq_urug,
          uniq_saint_roka
Abyss:4:  base: Lair:4, evilmike_abyss_exit_vortex, evilmike_abyss_exit_kraken,
          minivault_25_ag, onia_ninara_dug_in_and_dangerous

Skill      XL: |  1  2  3  4  5  6  7  8  9 10 11 12 13 14 15 |
---------------+----------------------------------------------+-----
Maces & Flails | 4 5 6 7 9 11 14 15 16 | 16.0
Armour         | 5 10 12 13 15 | 15.3
Fighting       | 5 10 13 15 | 15.2
Shields        | 7 8 13 | 13.5
Dodging        | |  1.5

Action                   |  1- 3 |  4- 6 |  7- 9 | 10-12 | 13-15 || total
-------------------------+-------+-------+-------+-------+-------++-------
Melee: Mace              |    18 |       |   125 |       |       ||   143
       Whip              |    95 |   260 |       |       |       ||   355
       Punch             |       |     6 |     5 |       |       ||    11
       Flail             |       |       |   164 |       |       ||   164
       Morningstar       |       |       |     8 |   141 |   689 ||   838
       Dire flail        |       |       |       |   396 |   717 ||  1113
Invok: Berserk           |     2 |     4 |     8 |    13 |    16 ||    43
       Trog's Hand       |       |       |     1 |     1 |     5 ||     7
Evoke: Wand              |       |       |     2 |     6 |     1 ||     9
  Use: Scroll            |       |       |       |    25 |     6 ||    31
       Potion            |       |       |       |     2 |     3 ||     5
 Stab: Sleeping          |     3 |       |       |       |       ||     3
       Invisible         |       |       |       |       |     2 ||     2
Armor: Animal skin       |    26 |       |       |       |       ||    26
       Chain mail        |    19 |   123 |   219 |   342 |   778 ||  1481
       Plate armour      |       |       |       |       |   245 ||   245
Dodge: Dodged            |    63 |    83 |   123 |   244 |   508 ||  1021
       Repelled          |       |       |       |     2 |     9 ||    11
Block: Kite shield       |       |       |       |       |   505 ||   505
